 Dungeon Crawl Stone Soup version 0.27.1-2-g3b301248ec (webtiles) character file.

Game seed: 13219517465810348817

51 Metae the Skirmisher (level 3, -20/33 HPs)
             Began as a Hill Orc Fighter on Sept 26, 2021.
             Demolished by an ogre (22 damage)
             ... on level 3 of the Dungeon.
             The game lasted 00:04:31 (1782 turns).

Metae the Skirmisher (Hill Orc Fighter)             Turns: 1782, Time: 00:04:49

Health: -20/33     AC:  7    Str: 19    XL:     3   Next: 81%
Magic:  3/3        EV:  7    Int:  8    God:
Gold:   144        SH:  9    Dex: 10    Spells: 2/2 levels left

rFire    . . .     SeeInvis .   a - +0 war axe
rCold    . . .     Faith    .   c - +0 kite shield
rNeg     . . .     Spirit   .   b - +0 scale mail
rPois    .         Reflect  .   (no helmet)
rElec    .         Harm     .   (no cloak)
rCorr    .         Rampage  .   (no gloves)
Will     .....                  (no boots)
Stlth    ..........             (no amulet)
HPRegen  0.11/turn              (no ring)
MPRegen  0.08/turn              (no ring)

@: no status effects
A: no striking features
a: no special abilities


You were on level 3 of the Dungeon.
You visited 1 branch of the dungeon, and saw 3 of its levels.

You collected 144 gold pieces.

Inventory:

Hand Weapons
 a - a +0 war axe (weapon)
Missiles
 k - a throwing net (quivered)
 n - 6 boomerangs
Armour
 b - a +0 scale mail (worn)
 c - a +0 kite shield (worn)
Wands
 l - a wand of flame (17)
Scrolls
 f - a scroll of brand weapon {unknown}
 g - a scroll of enchant armour {unknown}
 h - a scroll of magic mapping {unknown}
 i - a scroll of summoning {unknown}
 j - a scroll of amnesia {unknown}
 m - a scroll of identify {unknown}
 o - a scroll of immolation {unknown}
Potions
 d - a potion of might
 e - a potion of curing {unknown}


   Skills:
 + Level 4.1 Fighting
 + Level 3.4 Axes
 + Level 3.8 Armour
 + Level 3.7 Shields
 + Level 0.5 Evocations


You had 2 spell levels left.
You didn't know any spells.
Your spell library contained the following spells:

 Spells                   Type           Power      Damage    Failure   Level
 Stone Arrow              Conj/Erth      0%         3d7       100%        3
 Animate Armour           Summ/Erth      0%         N/A       100%        4
 Lehudib's Crystal Spear  Conj/Erth      0%         10d2      100%        8


Dungeon Overview and Level Annotations

Branches:
Dungeon (3/15)

Altars:


Message History

No target in view!
You now have 144 gold pieces (gained 16).
Things that are here:
a +0 dagger; a rat corpse As you open the door, it creaks loudly! 8 goblins and an ogre come into view.
The goblin shouts! x7; The ogre shouts!
The goblin shouts!
Found 9 large rocks.
You hit the goblin but do no damage. The goblin barely misses you. x2
You slash the goblin!
You kill the goblin!
You slash the goblin!
You kill the goblin!
You slash the goblin!
You kill the goblin!
You barely miss the goblin. You slash the goblin!
You kill the goblin!
You hit the goblin.
You kill the goblin!
You hit the ogre.
The ogre is lightly wounded.
You miss the goblin. The goblin hits you but does no damage.
You block the ogre's attack. The goblin hits you but does no damage.
You hit the ogre.
The ogre is heavily wounded.
You slash the goblin!
You kill the goblin!
The ogre barely misses you.
You hit the ogre.
The ogre is heavily wounded.
The ogre barely misses you.
You barely miss the ogre.
The ogre is heavily wounded.
The ogre hits you with a +0 giant spiked club!!
Ouch! That really hurt!
* * * LOW HITPOINT WARNING * * *
The ogre hits you with a +0 giant spiked club!!
Ouch! That really hurt!
You die...

.....#†.###..#..####........
# .....'..#_'..#..#
########## #
.....#†.###..#..# ######
.....#.).....#..# #.....
####.#.......#.## #.....
#.#########.# #...# #.....
#...........#######...#
#.....
#####.###.........#...#
#..... #.# ##..)@....#...#
#..... #.####.##O##..#...#
#..... #.)....#gg.#..#...#
#..... #####..#...#......#
#.....
#....#(..#......###.....
#.##.#####...#......#### #.
#........#######.# #
####.###.....# #.# # #.###.#
#.####


You could see an ogre and 2 goblins.

Vanquished Creatures
  2 adders
  2 orcs
  2 ball pythons
  4 endoplasms
  7 goblins
  A hobgoblin (D:3)
  A quokka (D:3)
  2 frilled lizards
  3 kobolds
  5 rats
29 creatures vanquished.

Notes
Turn   | Place    | Note
-------+----------+-------------------------------------------
     0 | D:1      | Metae the Hill Orc Fighter began the quest for the Orb.
     0 | D:1      | Reached XP level 1. HP: 19/19 MP: 1/1
   674 | D:1      | Reached XP level 2. HP: 22/27 MP: 2/2
   853 | D:2      | Reached skill level 4 in Fighting
  1213 | D:2      | Reached XP level 3. HP: 33/33 MP: 3/3
  1684 | D:3      | Found a faded altar of an unknown god.
  1773 | D:3      | Noticed an ogre
  1782 | D:3      | Demolished by an ogre

Illustrated notes

Levels and vault maps discovered:
D:1:      ncdulo_lavacross, layout_loops_cross
D:2:      layout_rooms
D:3:      wander_river, layout_basic, hellmonk_ecumenical_altar_inner_sanctum,
          grunt_decor_mini_mirrors, minmay_ogre_servants, uniq_ijyb

Skill      XL: |  1  2 |
---------------+-------+-----
Axes           | 3 |  3.4
Fighting       | 4 |  4.1
Armour         | |  3.8
Shields        | |  3.7
Evocations     | |  0.5

Action                   || total
-------------------------++-------
Melee: War axe           ||    73
Armor: Scale mail        ||    28
Dodge: Dodged            ||    37
Block: Kite shield       ||    43
